cohdb
Replays
Latest Replays
All Replays
Popular Replays
Top Player Replays
Match Explorer
How It Works
Community
CoH3 Stats
Reddit
Sign in to upload your games and track your stats! →
Sign in with Steam
Match 40579594
Unlisted
Match 40579594
Overview
Messages
Build Orders
End
Pioneer Squad
Construct Infanterie Kompanie
MG 42 Machine Gun Team
Grenadier Squad
Selects Terror Battlegroup
MG 42 Machine Gun Team
Selects Machine Gun Camouflage
Grenadier Squad
Construct Luftwaffe Kompanie
221 Scout Car
Selects Interrogate
Flak 30 Anti-aircraft Gun Team
Grenadier Squad
Support Elements
Jäger Squad
Construct Panzer Kompanie
Panzer IV Medium Tank
Selects No Quarter
Pioneer Squad
Pioneer Squad
Panzer IV Medium Tank
Panzer Officer Quarters
Side Skirts
Panzer IV Medium Tank
Selects King Tiger Heavy Tank
King Tiger Heavy Tank
Selects Propaganda Leaflet Drop
Selects V1 Rocket Strike
V1 Rocket Strike
Jäger Squad
Jäger Squad
Luftwaffe Officer Quarters
Jäger Squad
Ja_Ger
Sleepy Joe (Real)
Cpt_Wolff
Aprosarmosto
BearableBear
tubagznyven
azur
EL Gallant
0
0
Comments
sign in to comment!
No comments posted yet!